Map: Pillars of Gold LE

Players

Reynor

  • Race: Zerg Zerg
  • Spawn Location: 7:00

INnoVation - Winner!

  • Race: Terran Terran
  • Spawn Location: 1:00

VOD

Have the link to the VOD?

Description

Time

  • Played on: Jan. 14, 2021, 12:47 p.m.
  • Length: 17:46
Show
View Real Time Build Order
Export as new Build Order

Reynor Zerg 

Build Orders: Hatch First, Lurkers 

Get SALT Encoding   

  12  0:03  Drone  
  13  0:12  Overlord  
  13  0:17  Drone  
  14  0:31  Drone x2  
  16  0:50  Hatchery  
  16  0:52  Drone  
  16  0:57  Drone  
  16  1:01  Drone  
  18  1:12  Extractor  
  18  1:17  Spawning Pool  
  16  1:21  Drone  
  16  1:25  Drone  
  18  1:30  Drone  
  19  1:40  Drone  
  20  1:51  Overlord  
  20  2:04  Queen x2  
  20  2:05  Zergling x4  
  26  2:13  Drone x2  
  28  2:23  Drone x2  
  30  2:36  Hatchery  
  29  2:38  Drone  
  29  2:41  Drone  
  30  2:47  Metabolic Boost  
  30  2:53  Queen  
  30  2:58  Overlord  
  32  3:00  Drone  
  32  3:03  Drone  
  32  3:05  Drone  
  35  3:17  Overlord  
  35  3:18  Drone x4  
  39  3:21  Drone  
  40  3:29  Queen, Drone  
  43  3:35  Overlord  
  43  3:36  Drone  
  43  3:41  Zergling x2  
  45  3:49  Zergling x6  
  45  3:51  Queen  
  45  3:55  Spine Crawler  
  49  3:56  Zergling x2  
  49  3:58  Drone  
  49  4:00  Zergling x4  
  49  4:01  Spore Crawler  
  52  4:04  Drone  
  52  4:05  Drone  
  52  4:09  Zergling x4  
  56  4:11  Drone  
  56  4:15  Overlord  
  57  4:22  Overlord  
  57  4:29  Drone  
  57  4:30  Overlord  
  58  4:35  Zergling x2  
  58  4:36  Zergling x2  
  58  4:37  Drone x4  
  62  4:38  Drone  
  62  4:41  Drone  
  62  4:44  Drone  
  62  4:45  Queen  
  64  4:47  Drone x2  
  64  4:48  Drone  
  64  4:51  Drone  
  67  4:53  Drone  
  67  4:59  Queen  
  70  5:00  Zergling x6  
  70  5:02  Drone x2  
  75  5:07  Overlord  
  75  5:11  Drone x4  
  79  5:15  Drone, Evolution Chamber  
  79  5:17  Evolution Chamber  
  79  5:18  Drone x3  
  81  5:21  Spore Crawler  
  81  5:22  Drone  
  81  5:23  Drone  
  81  5:26  Evolution Chamber  
  81  5:28  Drone x2  
  83  5:30  Drone  
  83  5:35  Overlord  
  84  5:37  Drone  
  84  5:42  Zerg Ground Armor Level 1  
  83  5:43  Extractor  
  83  5:46  Extractor  
  83  5:48  Zerg Melee Weapons Level 1  
  83  5:49  Drone x4  
  85  5:53  Hatchery  
  85  5:55  Lair  
  84  5:58  Zergling x8  
  84  5:59  Zergling x4  
  84  6:02  Drone x3  
  84  6:04  Drone x2  
  95  6:05  Drone  
  95  6:08  Baneling Nest, Drone  
  95  6:09  Extractor  
  95  6:10  Extractor  
  94  6:13  Extractor  
  94  6:15  Overlord  
  94  6:16  Drone  
  94  6:25  Zergling x6  
  97  6:29  Overlord  
  97  6:33  Zergling x2  
  97  6:34  Zergling x14  
  105  6:44  Overlord  
  105  6:48  Overlord, Drone x2  
  105  6:49  Drone x4  
  105  6:52  Centrifical Hooks  
  111  6:55  Hydralisk Den  
  111  6:57  Zergling x6  
  113  7:03  Baneling x13  
  113  7:05  Zergling x8  
  117  7:09  Zergling x4  
  117  7:10  Drone  
  117  7:11  Queen  
  117  7:14  Baneling  
  117  7:15  Zergling x6  
  125  7:21  Zergling x2  
  125  7:22  Zergling x8  
  126  7:25  Zergling x2  
  126  7:26  Zergling x2  
  126  7:27  Zergling x2  
  122  7:31  Zergling x2  
  122  7:32  Queen  
  122  7:38  Zergling x6  
  122  7:41  Zergling x2  
  123  7:45  Hydralisk x3  
  123  7:46  Zergling x2  
  123  7:48  Zergling x2, Hydralisk  
  133  7:52  Baneling x4  
  133  7:53  Baneling  
  133  7:54  Overlord  
  133  7:56  Hydralisk  
  132  7:59  Zergling x2, Hydralisk  
  132  8:04  Hydralisk  
  132  8:05  Zergling x12  
  126  8:06  Zergling x2  
  126  8:09  Queen  
  126  8:10  Overlord  
  127  8:14  Zergling x4, Hydralisk  
  127  8:15  Hydralisk  
  127  8:17  Hydralisk  
  132  8:20  Zergling x2, Hydralisk  
  132  8:24  Muscular Augments  
  132  8:25  Hydralisk  
  137  8:28  Overlord  
  137  8:30  Zergling x8, Hydralisk  
  141  8:34  Drone x3  
  141  8:40  Zergling x2  
  141  8:41  Overlord, Hydralisk  
  141  8:42  Zergling x4  
  141  8:43  Hydralisk  
  131  8:48  Hydralisk  
  131  8:49  Zergling x4  
  131  8:55  Zergling x2, Hydralisk  
  133  8:56  Zergling x2  
  133  9:00  Zergling x12  
  133  9:02  Queen  
  141  9:07  Zerg Melee Weapons Level 2, Zerg Ground Armor Level 2  
  141  9:09  Drone x4  
  143  9:11  Drone  
  143  9:15  Zergling x2, Hydralisk  
  147  9:20  Baneling  
  147  9:21  Drone, Baneling x6  
  147  9:24  Infestation Pit  
  147  9:25  Zergling x6  
  150  9:36  Grooved Spines, Hatchery  
  150  9:37  Drone x5  
  150  9:38  Drone x2  
  156  9:39  Zergling x2, Extractor, Hydralisk  
  156  9:41  Extractor, Overlord  
  157  9:46  Hydralisk  
  157  9:49  Overlord  
  159  9:53  Overlord  
  155  10:01  Zergling x2  
  155  10:02  Zergling x12  
  155  10:04  Drone  
  155  10:05  Drone x3  
  153  10:08  Drone  
  153  10:10  Hive  
  153  10:12  Zergling x8  
  153  10:20  Lurker Den  
  152  10:21  Baneling  
  152  10:22  Baneling x9  
  152  10:23  Drone x5  
  157  10:29  Burrow  
  157  10:37  Hatchery  
  157  10:42  Overlord  
  153  10:52  Drone x7  
  159  10:59  Zergling x2  
  159  11:00  Zergling x18  
  159  11:03  Drone x4  
  173  11:04  Overlord  
  173  11:07  Drone  
  162  11:12  Zergling x14  
  162  11:14  Queen  
  171  11:21  Lurker x8  
  171  11:24  Viper x3  
  188  11:26  Seismic Spines  
  188  11:29  Zergling x18  
  188  11:32  Overlord  
  196  11:34  Drone x3  
  196  11:38  Zergling x12  
  200  11:40  Adrenal Glands  
  200  11:44  Zerg Missile Weapons Level 1  
  199  11:59  Zergling x14  
  196  12:07  Hydralisk  
  196  12:08  Zergling x12  
  200  12:11  Zergling x6  
  197  12:15  Zergling x2  
  197  12:16  Zergling x2  
  197  12:21  Hydralisk x2  
  197  12:22  Zergling x10  
  199  12:25  Lair  
  190  12:35  Zergling x4, Hydralisk  
  190  12:36  Zergling x2  
  171  12:46  Hydralisk x2  
  171  12:47  Zergling x6  
  171  12:50  Queen  
  177  12:51  Lurker Den  
  177  12:55  Zergling x2  
  177  12:56  Zergling x8  
  177  12:57  Drone  
  178  13:04  Zergling x2, Hydralisk  
  178  13:05  Hatchery  
  172  13:12  Hydralisk  
  172  13:13  Zergling x2, Hydralisk x2  
  168  13:21  Hydralisk x2  
  168  13:23  Hydralisk x2  
  168  13:24  Zergling x6  
  168  13:27  Queen  
  171  13:28  Hydralisk  
  171  13:29  Lurker Den  
  171  13:30  Hive  
  166  13:35  Hydralisk x2  
  166  13:40  Hydralisk  
  170  13:44  Hydralisk  
  170  13:45  Hatchery  
  164  13:48  Zergling x2  
  164  13:52  Lurker  
  164  13:53  Lurker x6  
  164  13:55  Zergling x2  
  172  14:02  Hydralisk  
  172  14:03  Hydralisk x2  
  176  14:11  Zergling x4  
  176  14:14  Zergling x8  
  182  14:21  Zergling x6  
  182  14:23  Zergling x2  
  182  14:27  Hydralisk  
  182  14:28  Overlord  
  181  14:33  Overlord  
  181  14:40  Overlord  
  165  14:53  Zergling x8  
  165  14:54  Zergling x4  
  142  15:03  Zergling x2, Hydralisk x3  
  144  15:07  Hydralisk  
  144  15:10  Hydralisk  
  126  15:14  Hydralisk  
  126  15:17  Hydralisk, Adaptive Talons  
  126  15:23  Drone x3  
  126  15:25  Hydralisk  
  131  15:31  Hydralisk  
  132  15:37  Lurker x4  
  136  15:43  Drone x3  
  136  15:45  Extractor  
  136  15:46  Lurker  
  136  15:47  Extractor, Hatchery  
  137  15:53  Hydralisk  
  137  15:54  Zergling x8  
  137  15:55  Zergling x2  
  123  16:10  Zergling x8  
  121  16:12  Zergling x2  
  121  16:13  Zergling x2  
  119  16:25  Zergling x2  
  119  16:26  Zergling x12  
  119  16:31  Zergling x2, Hydralisk  
  119  16:32  Zergling x2  
  121  16:37  Hydralisk  
  120  16:46  Viper x2  
  104  17:00  Lurker x2  
  106  17:01  Zergling x10  
  106  17:06  Lurker  
  106  17:07  Extractor  
  111  17:08  Zergling x8  
  111  17:09  Zergling x4  
  111  17:11  Hydralisk  
  118  17:22  Zergling x4  
  117  17:23  Zergling x4  
  117  17:25  Zergling x2  
Show
View Real Time Build Order
Export as new Build Order

INnoVation Terran - Winner!

Build Orders: Reaper Expand 

Get SALT Encoding   

  12  0:00  SCV  
  13  0:12  SCV  
  14  0:17  Supply Depot  
  14  0:24  SCV  
  15  0:39  Barracks, SCV  
  16  0:45  Refinery  
  16  0:51  SCV  
  17  1:03  SCV  
  18  1:15  SCV  
  19  1:27  Orbital Command  
  19  1:28  Reaper  
  20  1:43  Command Center  
  20  1:51  Supply Depot  
  20  1:54  SCV  
  20  2:00  Marine  
  22  2:06  SCV  
  23  2:11  Factory  
  23  2:18  SCV  
  23  2:20  Refinery  
  23  2:22  Barracks Reactor  
  24  2:30  SCV  
  25  2:42  SCV  
  26  2:54  Orbital Command  
  26  2:55  SCV  
  26  2:58  Starport  
  27  2:59  Hellion, Marine x2  
  31  3:07  SCV  
  32  3:14  Supply Depot  
  32  3:16  Marine  
  32  3:17  Marine  
  34  3:20  Hellion, SCV  
  34  3:23  SCV  
  38  3:34  Medivac  
  40  3:37  Marine  
  40  3:38  Marine  
  40  3:39  SCV x2  
  44  3:42  Hellion  
  44  3:45  Supply Depot  
  46  3:51  SCV x2  
  48  3:58  Marine  
  49  4:03  Factory Tech Lab  
  49  4:04  Starport Tech Lab  
  49  4:06  SCV  
  49  4:07  SCV  
  51  4:14  Command Center  
  51  4:18  Supply Depot  
  51  4:19  SCV x2  
  51  4:22  Raven  
  55  4:31  SCV x2  
  56  4:34  Factory Reactor  
  56  4:38  Marine  
  56  4:41  Supply Depot  
  56  4:44  SCV x2  
  59  4:49  Barracks  
  59  4:52  Barracks  
  57  4:56  SCV x2  
  57  4:59  Stimpack, Marine  
  60  5:05  Engineering Bay  
  60  5:07  Engineering Bay  
  60  5:08  SCV x2  
  62  5:16  Starport Reactor  
  62  5:18  Refinery x2  
  62  5:19  Marine  
  62  5:20  SCV x2  
  65  5:27  Orbital Command  
  65  5:32  SCV x2  
  65  5:34  Siege Tank  
  70  5:36  Terran Infantry Armor Level 1, Terran Infantry Weapons Level 1  
  70  5:42  Marine  
  68  5:44  Marine  
  68  5:45  Marine  
  71  5:50  SCV x2  
  71  5:54  Orbital Command  
  71  5:56  Marine x2  
  71  5:57  Supply Depot  
  75  5:59  Supply Depot  
  75  6:00  Marine  
  75  6:02  Medivac, SCV x2, Marine x2  
  82  6:06  Siege Tank  
  85  6:15  Supply Depot  
  85  6:18  Medivac, SCV x2  
  89  6:22  Marine x5  
  94  6:27  SCV  
  94  6:30  SCV x2  
  97  6:35  Supply Depot  
  97  6:38  Supply Depot, Siege Tank  
  97  6:39  Combat Shield  
  100  6:41  SCV  
  100  6:42  SCV x2  
  100  6:46  Barracks  
  103  6:47  Marine x2  
  103  6:51  Barracks  
  105  6:55  SCV x3  
  105  6:58  Medivac x2, Supply Depot  
  112  7:02  Marine x3  
  112  7:05  Marine x2  
  117  7:09  Supply Depot, Armory  
  117  7:13  SCV  
  117  7:14  SCV x2  
  120  7:19  Siege Tank  
  107  7:30  Marine x5  
  107  7:31  SCV x3  
  114  7:39  Barracks Reactor x2  
  114  7:43  SCV x3  
  117  7:49  Marine x4  
  117  7:50  Marine  
  122  7:51  Siege Tank  
  122  7:55  SCV x2  
  122  7:56  SCV  
  128  8:05  Medivac  
  123  8:07  SCV, Marine x5  
  123  8:08  SCV  
  130  8:18  Terran Infantry Armor Level 2, Terran Infantry Weapons Level 2  
  123  8:20  Marine  
  123  8:24  Refinery  
  123  8:25  Marine x5  
  123  8:26  Refinery  
  121  8:36  Siege Tank  
  121  8:38  Marine x4  
  126  8:42  Marine  
  126  8:43  Marine x4  
  115  8:56  Medivac x2, Marine x4  
  115  9:00  Marine x3  
  115  9:01  Marine x2  
  115  9:02  Factory, SCV  
  129  9:03  SCV x2  
  129  9:05  Terran Vehicle Weapons Level 1  
  131  9:10  Command Center, Siege Tank  
  131  9:13  Marine  
  131  9:14  Supply Depot, SCV, Marine x2  
  131  9:15  Supply Depot, SCV, Marine  
  131  9:16  Supply Depot  
  140  9:27  Medivac  
  141  9:35  Medivac, SCV, Marine x5  
  141  9:37  SCV x2  
  151  9:40  Supply Depot  
  151  9:41  Supply Depot  
  141  9:45  Supply Depot  
  141  9:47  Marine x2  
  141  9:48  Factory Tech Lab, Marine x2  
  141  9:50  SCV x3  
  138  9:53  Marine x3  
  138  9:57  Siege Tank  
  144  10:02  Command Center  
  141  10:08  Medivac x2  
  141  10:09  Marine x6  
  141  10:11  Marine x3  
  141  10:13  Siege Tank  
  150  10:24  SCV x3  
  150  10:27  Marine x4  
  157  10:37  Siege Tank  
  157  10:38  SCV x3  
  157  10:39  Marine x5  
  157  10:41  Medivac x2  
  170  10:44  Marine  
  170  10:45  Siege Tank  
  172  10:58  Marauder, Marine x7  
  172  11:02  Marine  
  172  11:04  Terran Infantry Weapons Level 3  
  179  11:16  Marine x3  
  182  11:20  Siege Tank x2  
  182  11:22  Marine x6  
  194  11:28  Sensor Tower  
  194  11:29  Medivac  
  194  11:30  Medivac  
  198  11:33  Marine  
  198  11:34  Marine x2  
  198  11:39  Marine  
  195  11:40  Marine x4  
  195  11:43  Planetary Fortress  
  200  11:50  Barracks  
  200  11:52  Barracks  
  200  11:55  Barracks  
  191  12:03  Medivac x2  
  191  12:05  Marine x4  
  197  12:12  Marine x4  
  199  12:15  Siege Tank, Marine  
  197  12:23  Marine x2  
  197  12:29  Marine  
  187  12:41  Marauder, Marine x7  
  191  12:44  SCV, Siege Tank  
  191  12:45  SCV x2  
  191  12:46  Marine  
  191  12:48  Medivac  
  200  12:52  Barracks Tech Lab x3  
  200  12:55  Concussive Shells  
  200  13:19  Marine x2  
  200  13:20  Marine x2  
  200  13:23  Siege Tank x2  
  190  13:27  Command Center  
  171  13:36  Marauder, Marine  
  171  13:37  Marauder x2, Marine x7  
  171  13:38  Marine  
  171  13:40  Medivac x2  
  181  13:54  Marine x5  
  181  13:55  Siege Tank x2, Marine x4  
  188  13:58  Marauder x2  
  184  14:11  Marauder  
  184  14:14  Marauder  
  184  14:16  Command Center  
  188  14:19  Marauder  
  188  14:20  Marauder, Marine x8  
  199  14:37  Marauder  
  200  14:43  Command Center  
  190  14:49  Marauder x2, Marine x2  
  183  14:54  Siege Tank x2  
  183  14:56  Medivac x2  
  183  14:58  Marauder  
  183  14:59  Marauder  
  179  15:05  Marine x6  
  165  15:07  Marine x2  
  165  15:11  Marauder x2  
  159  15:19  Planetary Fortress, Marauder  
  159  15:20  Marauder  
  161  15:22  Marine  
  161  15:23  Marine x5  
  161  15:25  Marine  
  161  15:26  Medivac x2, Siege Tank  
  175  15:29  Planetary Fortress  
  175  15:36  Marauder x2, Marine  
  175  15:40  Marauder, Marine  
  175  15:41  Marauder, Marine  
  175  15:42  Siege Tank  
  177  15:57  Marauder x2, Marine x5  
  177  16:02  Marauder  
  177  16:03  Marauder  
  184  16:09  Siege Tank  
  181  16:11  Medivac x2  
  181  16:13  Marine x2  
  181  16:14  Siege Tank  
  188  16:19  Marauder x2  
  188  16:23  Marauder, Marine x6  
  188  16:24  Marauder  
  198  16:30  Marine  
  198  16:31  Marine  
  182  16:40  Marauder x2  
  182  16:41  Medivac x2, Marine x2  
  182  16:45  Marauder  
  182  16:46  Marauder, Marine  
  187  16:47  Marine x3  
  187  16:48  Marine  
  181  16:56  Siege Tank x2  
  181  16:57  Marine  
  185  17:01  Orbital Command, Marauder x2  
  185  17:06  Marauder  
  185  17:08  Marine x2  
  192  17:09  Marine  
  194  17:17  Marauder  
Tags
 
Add a new tag
Caveats
  • Supply blocks, unpowered buildings, or Contaminate may cause inaccurate times.
  • Supply counts are checked every 10 seconds.